 Dungeon Crawl Stone Soup version 0.26.1-2-gb8aa6d0cf2 (webtiles) character file.

Game seed: 11907673746046083031

16 Gadfly the Sneak (level 2, -1/29 HPs)
             Began as a Troll Delver on Feb 25, 2021.
             Slain by a worm (9 damage)
             ... on level 2 of the Dungeon.
             The game lasted 00:01:41 (613 turns).

Gadfly the Sneak (Troll Delver)                      Turns: 613, Time: 00:01:41

Health: -1/29      AC:  6    Str: 19    XL:     2   Next: 37%
Magic:  1/1        EV: 10    Int:  6    God:
Gold:   16         SH:  0    Dex: 17    Spells: 1/1 levels left

rFire    + . .     SeeInvis .   a - +0 mace
rCold    + . .     Faith    .   (no shield)
rNeg     . . .     Spirit   .   b - +0 robe
rPois    .         Reflect  .   (helmet restricted)
rElec    .         Harm     .   k - scarf {rC+ rF+}
rCorr    .         Rampage  .   (gloves unavailable)
Will     .....                  (boots unavailable)
Stlth    ++........             (no amulet)
HPRegen  0.49/turn              j - +6 ring of dexterity
MPRegen  0.07/turn              (no ring)

@: no status effects
A: large, unfitting armour, claws 3, regeneration 1, shaggy fur 1, tough skin 3
a: no special abilities


You were on level 2 of the Dungeon.
You visited 1 branch of the dungeon, and saw 4 of its levels.

You collected 16 gold pieces.

Inventory:

Hand Weapons
 a - a +0 mace (weapon)
Armour
 b - a +0 robe (worn)
 k - a scarf of resistance (worn)
Jewellery
 j - a +6 ring of dexterity (left claw)
Wands
 g - a wand of digging (3)
Scrolls
 c - a scroll of fog
 d - a scroll of magic mapping
 e - a scroll of fear
 h - a scroll of identify
 i - a scroll of teleportation
 l - a scroll of blinking {unknown}
Potions
 f - a potion of haste
 m - a potion of degeneration {unknown}


   Skills:
 - Level 2.4 Fighting
 + Level 2.0 Maces & Flails
 * Level 0.9 Armour
 - Level 1.5 Dodging
 - Level 2.7 Stealth
 * Level 0.8 Evocations


You had one spell level left.
You didn't know any spells.
Your spell library was empty.

Dungeon Overview and Level Annotations

Branches:
Dungeon (5/15)
 Temple: D:4-7

Altars:
Fedhas


Innate Abilities, Weirdness & Mutations

You are too large for most types of armour.
You have claws for hands.
Your natural rate of healing is unusually fast.
You are covered in fur. (AC +1)
You have extremely tough skin. (AC +3)


Message History

You are too injured to fight recklessly!
You are too injured to fight recklessly!
You are too injured to fight recklessly!
You are too injured to fight recklessly!
A worm is nearby!
A worm is nearby!
You are too injured to fight recklessly!
You barely miss the worm.
The worm is heavily wounded.
The worm bites you.
* * * LOW HITPOINT WARNING * * *
You barely miss the worm.
The worm is moderately wounded.
The worm bites you but does no damage.
You sock the worm!
The worm is severely wounded.
You barely miss the worm.
The worm is severely wounded.
The worm bites you!
You die...

#[##### .############.#
#..........##.# .
##..........##.# ..
#...........##.#
...##...........##.#####
........................
....#...........########
......w@....(.>.........
....##..........########
# #..................
##########.######## #.#
#.# #.# #.# #.########


You could see a worm.

Vanquished Creatures
  An orc (D:3)
  A ball python (D:2)
  2 bats (D:3)
  A giant cockroach (D:2)
  2 goblins
  A hobgoblin (D:2)
  A quokka (D:3)
  3 frilled lizards
  A kobold (D:3)
  A rat (D:3)
14 creatures vanquished.

Vanquished Creatures (others)
  A fungus (D:2)
1 creature vanquished.

Grand Total: 15 creatures vanquished

Notes
Turn   | Place    | Note
-------+----------+-------------------------------------------
     0 | D:5      | Gadfly the Troll Delver began the quest for the Orb.
     0 | D:5      | Reached XP level 1. HP: 22/22 MP: 0/0
   148 | D:3      | Noticed an ogre
   158 | D:3      | Reached XP level 2. HP: 29/29 MP: 1/1
   266 | D:2      | Found a blossoming altar of Fedhas.
   613 | D:2      | Slain by a worm

Illustrated notes

Levels and vault maps discovered:
D:2:      layout_basic, kennysheep_minor_cross, fedhas_altar_3
D:3:      layout_rooms, grunt_decor_mini_mirrors
D:4:      minmay_recursive_quarters, layout_basic,
          gammafunk_temple_overflow_forgotten, minmay_misc_feat_chi
D:5:      lemuel_insect_pit, layout_loops_ring, lemuel_blue_sif_altar,
          minmay_temple_entry_gardened_gates, serial_shops, shop,
          nicolae_ru_sacrificial_ziggurat, uniq_edmund

Skill      XL: |  1  2 |
---------------+-------+-----
Maces & Flails | 2 |  2.0
Fighting       | |  2.4
Armour         | |  0.9
Dodging        | |  1.5
Stealth        | |  2.7
Evocations     | |  0.8

Action                   || total
-------------------------++-------
Melee: Mace              ||    43
  Use: Scroll            ||     1
 Stab: Sleeping          ||     1
Armor: Robe              ||    12
Dodge: Dodged            ||    20
